 Dungeon Crawl Stone Soup version 0.30-a0-1094-g860fb061e7 (webtiles) character file.

Game seed: 10872125522993052325

186 st0uf2x the Shield-Bearer (level 5, -6/43 HPs)
             Began as a Formicid Fighter on Apr 17, 2023.
             Splashed by a jelly's acid (11 damage)
             ... on level 4 of the Dungeon.
             The game lasted 00:06:31 (2492 turns).

st0uf2x the Shield-Bearer (Formicid Fighter)        Turns: 2492, Time: 00:06:31

Health: -6/43      AC:  3    Str: 23    XL:     5   Next: 98%
Magic:  5/5        EV:  9    Int:  7    God:
Gold:   267        SH: 12    Dex: 13    Spells: 4/4 levels left

rFire   . . .      SeeInvis +    a - +0 long sword
rCold   . . .      Faith    .    l - +2 buckler
rNeg    . . .      Spirit   .    b - +0 scale mail
rPois   .          Reflect  +    (helmet unavailable)
rElec   .          Rampage  .    (no cloak)
rCorr   .                        (no gloves)
Will    .....                    (no boots) Stlth
                                 f - amulet of reflection
HPRegen 0.27/turn                (no ring)
MPRegen 0.09/turn                (no ring)

@: corroded
A: permanent stasis, dig shafts and tunnels, antennae 3, four strong arms
a: Dig, Shaft Self


You were on level 4 of the Dungeon.
You visited 1 branch of the dungeon, and saw 4 of its levels.

You collected 267 gold pieces.

Inventory:

Hand Weapons
 a - a +0 long sword (weapon)
Armour
 b - a +0 scale mail (worn)
 c - a +0 buckler
 l - a +2 buckler (worn)
Jewellery
 f - an amulet of reflection (around neck)
Scrolls
 g - 3 scrolls of identify {unknown}
 i - a scroll of amnesia {unknown}
 j - a scroll of immolation {unknown}
 m - a scroll of magic mapping {unknown}
 q - a scroll of fog {unknown}
Potions
 d - 2 potions of might
 e - a potion of curing {unknown}
 h - 2 potions of haste {unknown}
 k - 3 potions of lignification {unknown}
 n - a potion of attraction {unknown}
 o - a potion of brilliance {unknown}
 p - a potion of mutation {unknown}


   Skills:
 + Level 4.4 Fighting
 + Level 3.2 Long Blades
 + Level 4.3 Armour
 + Level 5.3 Shields


You had 4 spell levels left.
You didn't know any spells.
Your spell library contained the following spells:

 Spells                   Type           Power      Damage    Failure   Level
 Beastly Appendage        Tmut           0%         N/A       80%         1
 Wereblood                Tmut           0%         N/A       91%         2
 Portal Projectile        Hex/Tloc       0%         N/A       99%         3
 Spider Form              Tmut/Pois      0%         N/A       99%         3
 Tukima's Dance           Hex            0%         N/A       99%         3
 Blade Hands              Tmut           0%         N/A       100%        5


Dungeon Overview and Level Annotations

Branches:
Dungeon (4/15)
 Temple: D:4-7

Altars:
Kikubaaqudgha


Innate Abilities, Weirdness & Mutations

You cannot be hasted, slowed, berserked, paralysed or teleported.
You can dig through walls and to a lower floor.
You have a pair of large antennae on your head. (SInv)
Your four strong arms can wield two-handed weapons with a shield.


Message History

The jelly quivers.
The jelly jiggles.
You hit the jelly but do no damage.
Your hands burn!
You block the jelly's attack.
You hit the jelly.
Your hands burn!
The jelly is moderately wounded.
You block the jelly's attack. x2
You slash the jelly!
Your hands burn!
The jelly is almost dead.
You block the jelly's attack.
You hit the jelly.
Your hands burn!
The jelly is almost dead.
You block the jelly's attack.
You hit the jelly.
You kill the jelly!
HP restored.
You sense a monster nearby.
A jelly comes into view.
You slash the jelly! The acid corrodes you!
Your hands burn!
The jelly is moderately wounded.
The jelly hits you.
You are splashed with acid!
You block the jelly's attack.
You hit the jelly.
Your hands burn!
The jelly is heavily wounded.
The jelly hits you. The acid corrodes you!
You are splashed with acid!
You hit the jelly.
Your hands burn!
The jelly is severely wounded.
The jelly hits you but does no damage.
You hit the jelly.
Your hands burn!
The jelly is severely wounded.
The jelly hits you.
You are splashed with acid!
* * * LOW HITPOINT WARNING * * *
You hit the jelly.
Your hands burn!
* * * LOW HITPOINT WARNING * * *
The jelly is almost dead.
The jelly hits you but does no damage. The jelly closely misses you.
You completely miss the jelly.
The jelly is almost dead.
The jelly hits you.
* * * LOW HITPOINT WARNING * * *
You are splashed with acid!
You die...

............
..................##
...<................ ...
.............##.... ..##
.........#..>#..... ....#
........##..###...# ....#
............##..#.## ......
.#...........##.#J.###......
.#.##...........@..#.....#{
####...#.....###..##..#
#....#†.........#...#.#
##...........#........#
###.....#..###..........
##........###..#.......#
#...........#####..#...#
#......#....# ####..?
##.#####.#..# #..


You could see a jelly.

Vanquished Creatures
  A jelly (D:4)
  Terence (D:3)
  An iguana (D:2)
  An orc wizard (D:3)
  2 adders (D:2)
  2 dart slugs
  2 orcs (D:3)
  4 bats
  A bat zombie (D:3)
  3 endoplasms (D:1)
  A giant cockroach (D:3)
  7 goblins
  8 hobgoblins
  3 jackals (D:2)
  2 kobolds
  5 quokkas
  4 ball pythons
  2 frilled lizards
  3 rats
53 creatures vanquished.

Notes
Turn   | Place    | Note
-------+----------+-------------------------------------------
     0 | D:1      | st0uf2x the Formicid Fighter began the quest for the Orb.
     0 | D:1      | Reached XP level 1. HP: 18/18 MP: 1/1
   184 | D:1      | Reached XP level 2. HP: 24/24 MP: 2/2
   753 | D:2      | Reached XP level 3. HP: 15/30 MP: 3/3
   868 | D:2      | Reached XP level 4. HP: 25/37 MP: 4/4
  1656 | D:3      | Reached XP level 5. HP: 32/42 MP: 5/5
  1686 | D:3      | Noticed Terence
  1699 | D:3      | Killed Terence
  1700 | D:3      | Reached skill level 5 in Shields
  2110 | D:3      | Found an ancient bone altar of Kikubaaqudgha.
  2492 | D:4      | Splashed by a jelly's acid

Illustrated notes

Levels and vault maps discovered:
D:1:      kennysheep_arrival_forest, layout_basic
D:2:      layout_loops_ring, minmay_box_of_dots
D:3:      layout_basic, lemuel_zombie_altar_kikubaaqudgha, uniq_terence
D:4:      layout_cave_pools, temple_hall, abandoned_shop, uniq_duvessa

Skill      XL: |  1  2  3  4  5 |
---------------+----------------+-----
Fighting       | 4 |  4.4
Armour         | 4 |  4.3
Long Blades    | 3 |  3.2
Shields        | 5 |  5.3

Action                     |  1- 3 |  4- 6 || total
---------------------------+-------+-------++-------
  Melee: Long sword        |    61 |   164 ||   225
 Armour: Scale mail        |    17 |    66 ||    83
  Dodge: Dodged            |    17 |    56 ||    73
  Block: Buckler           |    23 |   124 ||   147
         Reflection        |     1 |     1 ||     2

Table legend: (Time is in decaauts)
 A = Elapsed time spent in this place.
 B = Non-inter-level travel time spent in this place.
 C = Inter-level travel time spent in this place.
 D = Time resting spent in this place.
 E = Time spent auto-exploring this place.
 F = Levels seen in this place.
 G = Mean time per level.
                   A        B        C        D        E       F      G
               +--------+--------+--------+--------+--------+-----+--------+
         Total |   2556 |   2445 |    111 |     72 |   1572 |   4 |  639.0 |
       Dungeon |   2556 |   2445 |    111 |     72 |   1572 |   4 |  639.0 |
               +--------+--------+--------+--------+--------+-----+--------+

Top non-repeatable levels by time:
     D:2: 852 daAuts
     D:3: 849 daAuts
     D:1: 736 daAuts
     D:4: 118 daAuts
